[Event "*** Titled Tuesday Blitz"]
[Site "Chess.com"]
[Date "2021.02.09"]
[Round "11"]
[White "BabyBoss31"]
[Black "DanilNajdin"]
[Result "0-1"]
[WhiteElo "2348"]
[BlackElo "2481"]
[TimeControl "180+1"]
[EndTime "12:05:55 PST"]
[Termination "DanilNajdin won by resignation"]

1. d4 f5 2. Bg5 h6 3. Bh4 g5 4.
e3 Nf6 5. Bg3 d6 6. h4 Bg7 7. hxg5 hxg5 8. Rxh8+ Bxh8 9. Nf3 Ne4 10.
Bh2 g4 11. Nfd2 e5 12. Nxe4 fxe4 13. dxe5 Qh4 14. Bg3 Qh1 15. exd6 Bxb2 16. dxc7 Nc6 17. Nd2 Be6 18. Rb1 Bc3 19. Rxb7 Bc4 20. Rb8+ Rxb8 21.
cxb8=Q+ Nxb8 22. Qe2 Bxe2 23. Kxe2 Bxd2 24. Bxb8 a5 25.
Kxd2 Qxf1 26. Bg3 Kd7 27. Kc3 Ke6 28. Kb3 Qxg2 29. Ka4 Qf1 30. Kxa5 Qc4 31. a4 Kd5 32. c3 Kc6 0-1

[Event "*** Titled Tuesday Blitz"]
[Site "Chess.com"]
[Date "2021.02.09"]
[Round "11"]
[White "mapleaff"]
[Black "zim0ne"]
[Result "1-0"]
[WhiteElo "2433"]
[BlackElo "2507"]
[TimeControl "180+1"]
[EndTime "12:05:57 PST"]
[Termination "mapleaff won by resignation"]

1. e4 e5 2. Nf3 Nc6 3. Bb5 a6 4. Ba4 d6 5. h3 Nf6 6. d3 g6 7.
O-O Bg7 8. c3 O-O 9. Nbd2 b5 10.
Bc2 h6 11. Re1 Bb7 12. Nf1 Ne7 13. Ng3 c5 14. Be3 Qc7 15. Qd2 Kh7 16. Nh2 d5 17. Qe2 d4 18. Bd2 Rad8 19. Ng4 Nfg8 20. a4 Bc6 21. axb5 axb5 22. b4 cxb4 23. cxb4 h5 24.
Nh2 Bh6 25. Rac1 Qd6 26. Nf3 f6 27. Bb3 Ra8 28. Nh4 Ra3 29. Bxg8+ Nxg8 30. Nxh5 gxh5 31. Nf5 Qe6 32. Bxh6 Rd8 33. Qxh5 Be8 34. Qh4 Kg6 35. Qg4+ 1-0

[Event "*** Titled Tuesday Blitz"]
[Site "Chess.com"]
[Date "2021.02.09"]
[Round "11"]
[White "anon481216"]
[Black "MillyNeuf"]
[Result "1-0"]
[WhiteElo "2453"]
[BlackElo "2313"]
[TimeControl "180+1"]
[EndTime "12:05:57 PST"]
[Termination "anon481216 won by checkmate"]

1. d4 Nf6 2. c4 e6 3. Nc3 Bb4 4. Nf3 O-O 5. Bg5 h6 6. Bh4 b6 7. e3 Bb7 8. Bd3 c5 9. O-O d5 10. cxd5 Bxd5 11. Nxd5 exd5 12. a3 Ba5 13. Ne5 c4 14.
Bc2 b5 15. b4 Bc7 16. a4 bxa4 17. Bxa4 g5 18. Bg3 Ne4 19. Qh5 Kg7 20. Nc6 Nxg3 21. fxg3 Qd6 22. Ne5 Qe7 23. Ng4 Qe6 24. Rf6 Qxf6 25.
Nxf6 Kxf6 26. Qxh6+ Ke7 27. Qxg5+ f6 28. Qxd5 Nd7 29.
Qxd7# 1-0

[Event "*** Titled Tuesday Blitz"]
[Site "Chess.com"]
[Date "2021.02.09"]
[Round "11"]
[White "Nachsueb"]
[Black "Chopper1905"]
[Result "0-1"]
[WhiteElo "2180"]
[BlackElo "2946"]
[TimeControl "180+1"]
[EndTime "12:06:01 PST"]
[Termination "Chopper1905 won by checkmate"]

1. d4 Nf6 2. c4 g6 3. Nc3 d5 4.
Nf3 Bg7 5. Qb3 dxc4 6. Qxc4 Be6 7. Qb5+ Bd7 8. Qxb7 Nc6 9. Qb3 Rb8 10. Qd1 Bf5 11. a3 O-O 12. e3 Nd5 13. Bd3 Bg4 14.
h3 Bxf3 15. Qxf3 Ne5 16. Qxd5 Nxd3+ 17. Kd2 Nxc1 18. Kxc1 Qc8 19. Rd1 Rd8 20. Qe4 c5 21. dxc5 Qxc5 22. Kc2 Rxb2+ 23. Kxb2 Qxc3+ 24. Ka2 Qb2# 0-1

[Event "*** Titled Tuesday Blitz"]
[Site "Chess.com"]
[Date "2021.02.09"]
[Round "11"]
[White "Alexander_Moskalenko"]
[Black "Vesper2018"]
[Result "1-0"]
[WhiteElo "2806"]
[BlackElo "2601"]
[TimeControl "180+1"]
[EndTime "12:06:03 PST"]
[Termination "Alexander_Moskalenko won by resignation"]

1. f4 d5 2. Nf3 Nf6 3. g3 c5 4. Bg2 Nc6 5. d3 g6 6. O-O Bg7 7. c3 O-O 8. Na3 a6 9. Qe1 b5 10. e4 e6 11. e5 Nd7 12. Nc2 Bb7 13. d4 Rc8 14. Be3 Qe7 15. g4 f5 16. exf6 Nxf6 17. h3 Ne4 18. a3 Na5 19. Rd1 Nc4 20. Bc1 Bh6 21. Ne5 Nxe5 22. fxe5 Bxc1 23. Rxf8+ Rxf8 24. Rxc1 Qg5 25. Qe3 Qxe3+ 26. Nxe3 Rc8 27. Bxe4 dxe4 28. Rd1 cxd4 29. Rxd4 Rc7 30. g5 h6 31. h4 hxg5 32. hxg5 a5 33. Kf2 Bc6 34. Ng4 Kf7 35. Ke3 Rd7 36. Nf6 Rxd4 37. Kxd4 Bb7 38. Nxe4 Ke7 39. Nd6 Bc6 40. Kc5 1-0

[Event "*** Titled Tuesday Blitz"]
[Site "Chess.com"]
[Date "2021.02.09"]
[Round "11"]
[White "Colombiano07"]
[Black "KarateBaby"]
[Result "1-0"]
[WhiteElo "2326"]
[BlackElo "2385"]
[TimeControl "180+1"]
[EndTime "12:06:03 PST"]
[Termination "Colombiano07 won by resignation"]

1. d4 g6 2. e4 Bg7 3. Nc3 d6 4. Bf4 a6 5. Qd2 b5 6. f3 Bb7 7. h4 h6 8. a4 b4 9. Nd5 a5 10.
c3 bxc3 11. bxc3 Nd7 12. Bd3 c5 13. Ne2 Ngf6 14. Nxf6+ Nxf6 15. Bb5+ Kf8 16. O-O cxd4 17. cxd4 Nh5 18. Be3 Kg8 19. Rab1 Kh7 20. Rfc1 e6 21. Bc6 Bxc6 22. Rxc6 Qxh4 23. Rxd6 Rhd8 24. Rxd8 Rxd8 25. Qxa5 Rc8 26. Qe1 Qe7 27. a5 Qa3 28. Bf2 Rc2 29. Ra1 Qb2 30. Rb1 Rxe2 31. Rxb2 Rxe1+ 32. Bxe1 Bxd4+ 33. Rf2 Bb2 34. Rxb2 1-0

[Event "*** Titled Tuesday Blitz"]
[Site "Chess.com"]
[Date "2021.02.09"]
[Round "11"]
[White "FairChess_on_YouTube"]
[Black "Witik"]
[Result "1-0"]
[WhiteElo "2934"]
[BlackElo "2712"]
[TimeControl "180+1"]
[EndTime "12:06:05 PST"]
[Termination "FairChess_on_YouTube won by resignation"]

1. a4 e5 2. a5 d5 3. e3 a6 4. d4 Nc6 5. Nf3 e4 6. Nfd2 Nf6 7. c4 Bb4 8. Nc3 dxc4 9. Bxc4 Nxa5 10. Qa4+ Nc6 11.
d5 Bxc3 12. dxc6 Bxd2+ 13. Bxd2 O-O 14. Bb4 Re8 15. Rd1 Bd7 16. cxd7 Re5 17. Qa2 c5 18. Bxf7+ Kh8 19. Bc3 Re7 20. Be6 Qb6 21. Ba5 Qc6 22. d8=Q+ 1-0

[Event "*** Titled Tuesday Blitz"]
[Site "Chess.com"]
[Date "2021.02.09"]
[Round "11"]
[White "SergeiAza"]
[Black "KeithArkell"]
[Result "1/2-1/2"]
[WhiteElo "2754"]
[BlackElo "2539"]
[TimeControl "180+1"]
[EndTime "12:06:05 PST"]
[Termination "Game drawn by repetition"]

1. e4 c6 2. d4 d5 3. Nc3 dxe4 4.
Nxe4 Nd7 5. Nf3 Ngf6 6. Nxf6+ Nxf6 7. c3 Qc7 8. Ne5 Be6 9. Bf4 Qb6 10. Qc2 g6 11.
Be2 Bg7 12. O-O O-O 13. Rfe1 c5 14. dxc5 Qxc5 15. Bf3 Bd5 16. Bxd5 Qxd5 17. c4 Qc5 18. Nf3 Rac8 19. Rac1 e6 20. b3 Rfd8 21. h3 b5 22.
Be3 Qc7 23. Qe2 bxc4 24. Rxc4 Qb7 25. Rec1 Rxc4 26. Qxc4 Nd5 27. Bg5 Re8 28. a3 h6 29.
Bd2 a6 30. b4 Qb5 31. Be1 Rb8 32. Qe4 Qa4 33. Qd3 Qb5 34. Qe4 Qa4 35. Qd3 Qb5 36. Qe4 1/2-1/2

[Event "*** Titled Tuesday Blitz"]
[Site "Chess.com"]
[Date "2021.02.09"]
[Round "11"]
[White "Sofiia_Hryzlova"]
[Black "Joseacorrea"]
[Result "0-1"]
[WhiteElo "2259"]
[BlackElo "2044"]
[TimeControl "180+1"]
[EndTime "12:06:05 PST"]
[Termination "Joseacorrea won by resignation"]

1. c4 e6 2. Nf3 f5 3. d4 Nf6 4.
g3 b6 5. Bg2 Bb7 6. b3 Be7 7.
Bb2 O-O 8. O-O Qe8 9. Nc3 Qh5 10. h3 Kh8 11. d5 exd5 12. cxd5 Bd6 13. Nb5 Nxd5 14.
Nxd6 cxd6 15. Qd4 Rf7 16. Ng5 Qxg5 17. Bxd5 Nc6 18. Qd3 Nb4 19. Bxf7 Nxd3 20. exd3 f4 21. Kh2 fxg3+ 22. fxg3 Qd2+ 0-1

[Event "*** Titled Tuesday Blitz"]
[Site "Chess.com"]
[Date "2021.02.09"]
[Round "11"]
[White "C_K_G"]
[Black "biostatistician"]
[Result "0-1"]
[WhiteElo "2100"]
[BlackElo "2610"]
[TimeControl "180+1"]
[EndTime "12:06:05 PST"]
[Termination "biostatistician won by resignation"]

1. e4 e6 2. Nf3 d5 3. Nc3 Nf6 4.
e5 Nfd7 5. d4 c5 6. Bg5 Be7 7.
Bxe7 Qxe7 8. Nb5 O-O 9. Nc7 Nxe5 10. Nxa8 Nxf3+ 11. Qxf3 cxd4 12. Bd3 Qb4+ 13. c3 dxc3 14. O-O cxb2 15. Rab1 Bd7 16. Nc7 Qb6 17. Nb5 Bxb5 18. Rxb2 a6 19. a4 Qd4 20. Rd2 Qxa4 21. Bc2 Qh4 22.
Rc1 Nc6 23. Bd3 Ne5 24. Qe2 Nxd3 25. Rxd3 Bxd3 26. Qxd3 Qb4 27. h3 g6 28. g3 a5 29.
Rc7 a4 30. Rc3 Ra8 31. Ra3 b5 32. Qe3 Qb1+ 33. Kh2 Qe4 34. Qh6 b4 35. Re3 Qd4 36. Rf3 a3 37. Rxf7 Kxf7 38. Qxh7+ Qg7 39. Qh4 a2 40. Qf4+ Kg8 0-1

[Event "*** Titled Tuesday Blitz"]
[Site "Chess.com"]
[Date "2021.02.09"]
[Round "11"]
[White "skoularikii"]
[Black "PotapovaM"]
[Result "0-1"]
[WhiteElo "2500"]
[BlackElo "2635"]
[TimeControl "180+1"]
[EndTime "12:06:06 PST"]
[Termination "PotapovaM won by resignation"]

1. e4 c5 2. Nf3 d6 3. Bb5+ Nd7 4. c3 a6 5. Ba4 b5 6. Bc2 Ngf6 7. O-O c4 8. b3 cxb3 9. axb3 Bb7 10. Re1 e6 11. d4 Be7 12. Nbd2 O-O 13. Bb2 Re8 14. Qe2 e5 15. d5 Qc8 16. Bd3 Bd8 17. b4 Nh5 18. g3 Nhf6 19. c4 bxc4 20. Nxc4 Bc7 21. Rec1 Qd8 22. Na5 Bxa5 23. Rxa5 Qb6 24. Ba3 Ng4 25.
Nd2 f5 26. exf5 e4 27. Bxe4 Nde5 28. h3 Nf6 29. Bg2 Nc6 30. dxc6 Rxe2 31. cxb7 Qxf2+ 0-1

[Event "*** Titled Tuesday Blitz"]
[Site "Chess.com"]
[Date "2021.02.09"]
[Round "11"]
[White "KetiGrant"]
[Black "NikolaMa2000"]
[Result "1-0"]
[WhiteElo "2343"]
[BlackElo "1898"]
[TimeControl "180+1"]
[EndTime "12:06:07 PST"]
[Termination "KetiGrant won by checkmate"]

1. e4 e6 2. d4 d5 3. Nc3 Nf6 4. e5 Nfd7 5. f4 c5 6. Nf3 Nc6 7. Be3 a6 8. Qd2 b5 9. Be2 Qb6 10. Nd1 cxd4 11. Nxd4 Nxd4 12. Bxd4 Bc5 13. c3 O-O 14.
Ne3 b4 15. O-O a5 16. Rfd1 Ba6 17.
Bf3 f6 18. Nxd5 exd5 19. Bxd5+ Kh8 20. e6 Bxd4+ 21. cxd4 Rad8 22. e7 Qd6 23. exd8=Q Rxd8 24. Bf3 f5 25. Rac1 Bb5 26. Qe3 a4 27. d5 Nb6 28. b3 a3 29. g3 h6 30. Qe5 Qd7 31.
Rc7 Qe8 32. Qxg7# 1-0

[Event "*** Titled Tuesday Blitz"]
[Site "Chess.com"]
[Date "2021.02.09"]
[Round "11"]
[White "Taktikmonster"]
[Black "ailime26"]
[Result "1-0"]
[WhiteElo "2281"]
[BlackElo "2120"]
[TimeControl "180+1"]
[EndTime "12:06:08 PST"]
[Termination "Taktikmonster won by resignation"]

1. e4 c5 2. Nf3 Nc6 3. d4 cxd4 4. Nxd4 Nf6 5. Nc3 e5 6. Ndb5 d6 7. Bg5 a6 8. Na3 b5 9. Bxf6 gxf6 10. Nd5 f5 11. g3 Bg7 12. Bg2 O-O 13. O-O Kh8 14.
exf5 Bxf5 15. Ne3 Bd7 16. Qxd6 Qc8 17. Nd5 Ra7 18. Nb6 Qc7 19. Qxc7 Rxc7 20. Nxd7 Rxd7 21. Bxc6 Rc7 22. Bd5 e4 23. c3 b4 24. Nc4 bxc3 25. bxc3 Bxc3 26. Rac1 Bg7 27. Bxe4 Rfc8 28. Bd5 Rc5 29.
Bxf7 Bb2 30. Rb1 Bd4 31. Nd6 Rf8 32. Bb3 Re5 33. Nf7+ Kg7 34. Nxe5 Bxe5 35. Kg2 Bd4 36. f4 1-0

[Event "*** Titled Tuesday Blitz"]
[Site "Chess.com"]
[Date "2021.02.09"]
[Round "11"]
[White "PawnEatingZombie"]
[Black "ri4mi"]
[Result "0-1"]
[WhiteElo "2119"]
[BlackElo "2341"]
[TimeControl "180+1"]
[EndTime "12:06:12 PST"]
[Termination "ri4mi won by resignation"]

1. d4 d5 2. c4 c6 3. Nc3 e6 4. e3 f5 5. Nf3 Nf6 6. Bd3 Bd6 7.
b3 O-O 8. Bb2 b6 9. O-O Bb7 10.
Ne2 Nbd7 11. cxd5 cxd5 12. Rc1 Ne4 13. Ne5 Qe7 14. f3 Nef6 15. Qe1 Rac8 16. Qg3 Ba3 17. Bxa3 Qxa3 18. Nc3 Qb2 19. Qf2 Qxf2+ 20. Kxf2 Nxe5 21. dxe5 Nd7 22. f4 Nc5 23. Be2 Ba6 24. Bxa6 Nxa6 25.
Nb5 Nc5 26. Ke2 Ne4 27. a3 a6 28. Nd4 Kf7 29. Rfd1 Nc3+ 30. Rxc3 Rxc3 0-1

[Event "*** Titled Tuesday Blitz"]
[Site "Chess.com"]
[Date "2021.02.09"]
[Round "11"]
[White "nochewycandy"]
[Black "superchess02"]
[Result "0-1"]
[WhiteElo "2650"]
[BlackElo "2796"]
[TimeControl "180+1"]
[EndTime "12:06:15 PST"]
[Termination "superchess02 won by resignation"]

1. e4 c5 2. Nf3 d6 3. d4 cxd4 4. Nxd4 Nf6 5. Nc3 a6 6. Bg5 e6 7. f4 Qc7 8. Qf3 b5 9. O-O-O b4 10. Nce2 Bb7 11. Ng3 Nbd7 12. Kb1 h6 13. Bxf6 Nxf6 14.
Bd3 Qb6 15. Qe2 Be7 16. e5 Nd5 17. f5 dxe5 18. Nb3 O-O 19. fxe6 Qxe6 20. Nf5 Rfe8 21. Nxe7+ Qxe7 22. g3 e4 23. Bc4 Nb6 24. Rhf1 Nxc4 25. Qxc4 Rac8 26. Qd4 e3 27. Rfe1 Red8 28. Qb6 Rxd1+ 29.
Rxd1 e2 30. Re1 Qd8 31. Rxe2 Qxb6 0-1

[Event "*** Titled Tuesday Blitz"]
[Site "Chess.com"]
[Date "2021.02.09"]
[Round "11"]
[White "Vugar_Manafov"]
[Black "zeitnot2006"]
[Result "1-0"]
[WhiteElo "2656"]
[BlackElo "2525"]
[TimeControl "180+1"]
[EndTime "12:06:17 PST"]
[Termination "Vugar_Manafov won by resignation"]

1. d4 e6 2. c4 Bb4+ 3. Bd2 Bxd2+ 4. Qxd2 Nf6 5. Nc3 d5 6. e3 O-O 7. Nf3 b6 8. cxd5 exd5 9. Bd3 Bb7 10. O-O c6 11.
Ne5 Nbd7 12. f4 Re8 13. Rf3 c5 14. Rh3 Nxe5 15. fxe5 Ne4 16. Qc2 f5 17. Bxe4 dxe4 18. Nb5 cxd4 19. exd4 Qd5 20. Qb3 Red8 21. Nd6 Rxd6 22.
exd6 Rd8 23. Rc1 Qxb3 24. axb3 Rxd6 25. Rc7 Bd5 26. Rg3 g6 27. Rh3 Bf7 28. Rhc3 Rxd4 29. Rxa7 f4 30. Rc8+ Kg7 31. Rcc7 Rd1+ 32. Kf2 e3+ 33. Ke2 Rd2+ 34. Ke1 Rxb2 35. Rxf7+ Kh6 36. Rxf4 Rxb3 37. Rf3 Kg5 38. Re7 Rb1+ 39. Ke2 Rb2+ 40. Kf1 Rb1+ 41. Ke2 Rb2+ 42. Kxe3 Rxg2 43. Rg3+ 1-0

[Event "*** Titled Tuesday Blitz"]
[Site "Chess.com"]
[Date "2021.02.09"]
[Round "11"]
[White "ChristopherYoo"]
[Black "champ2005"]
[Result "1-0"]
[WhiteElo "2888"]
[BlackElo "2995"]
[TimeControl "180+1"]
[EndTime "12:06:18 PST"]
[Termination "ChristopherYoo won by resignation"]

1. Nf3 d5 2. d4 Nf6 3. c4 c6 4. e3 Bg4 5. h3 Bxf3 6. Qxf3 e6 7. Nc3 Nbd7 8. Bd3 Bb4 9. Bd2 O-O 10. O-O dxc4 11.
Bxc4 e5 12. Rad1 exd4 13. exd4 Nb6 14. Bb3 h6 15. Bf4 Nfd5 16. Be5 Re8 17. a3 Bf8 18. Bc2 Nxc3 19. bxc3 Qd5 20. Qf5 g6 21. Qf6 Rxe5 22.
dxe5 Qa2 23. Bxg6 fxg6 24. e6 Bg7 25. Qxg6 Kh8 26. Rfe1 Rf8 27. e7 Qxf2+ 28. Kh1 1-0

[Event "*** Titled Tuesday Blitz"]
[Site "Chess.com"]
[Date "2021.02.09"]
[Round "11"]
[White "GregShahade"]
[Black "serhanberat_ozdemir"]
[Result "0-1"]
[WhiteElo "2680"]
[BlackElo "2524"]
[TimeControl "180+1"]
[EndTime "12:06:20 PST"]
[Termination "serhanberat_ozdemir won by resignation"]

1. e4 c5 2. Nf3 e6 3. d4 cxd4 4.
Nxd4 a6 5. Nc3 b5 6. Bd3 Qb6 7. Nf3 Qc7 8. O-O Bb7 9. Re1 Be7 10. e5 f5 11. Nd4 g6 12. Bf4 Nc6 13. Nxf5 gxf5 14.
Qh5+ Kd8 15. Bxf5 Kc8 16. Bh3 Kb8 17. Qf7 Bd8 18. Qg7 Nge7 19. Qxh8 Ng6 20. Qxh7 Nxf4 21. Qg7 Nxh3+ 22. gxh3 Nd4 23. Red1 Qc6 24. f3 Bb6 0-1

[Event "*** Titled Tuesday Blitz"]
[Site "Chess.com"]
[Date "2021.02.09"]
[Round "11"]
[White "frederiksvane"]
[Black "SHIVACalypso"]
[Result "1-0"]
[WhiteElo "2694"]
[BlackElo "2360"]
[TimeControl "180+1"]
[EndTime "12:06:22 PST"]
[Termination "frederiksvane won by resignation"]

1. a3 a5 2. d4 e6 3. e4 d5 4. Nc3 Nf6 5. e5 Nfd7 6. f4 c5 7.
Nf3 Nc6 8. Be3 Be7 9. Qd2 O-O 10. dxc5 Nxc5 11. Bd3 b6 12. O-O-O f5 13. exf6 Bxf6 14. Bb5 Bb7 15. Bxc6 Bxc6 16. Bd4 Rc8 17. Rhe1 Qc7 18. g3 Rce8 19. Be5 Qf7 20. Nd4 Bd7 21. Re3 Rc8 22.
Rde1 Bxe5 23. Rxe5 Qg6 24. Rg5 Qf6 25. Nf3 b5 26.
Ne5 b4 27. Ng4 Qxg5 28. fxg5 bxc3 29. Qxc3 Ne4 30. Qd3 Ba4 31. c3 Nc5 32. Qe3 e5 33. Nxe5 Rfe8 34. Kb1 Nd7 35. Qd4 1-0

[Event "*** Titled Tuesday Blitz"]
[Site "Chess.com"]
[Date "2021.02.09"]
[Round "11"]
[White "c_r_e_e_p_e_r"]
[Black "ybruned"]
[Result "0-1"]
[WhiteElo "2378"]
[BlackElo "2308"]
[TimeControl "180+1"]
[EndTime "12:06:24 PST"]
[Termination "ybruned won by checkmate"]

1. e4 b6 2. d4 Bb7 3. Bd3 e6 4. Nf3 d5 5. e5 c5 6. c3 Qc8 7. O-O Ba6 8. Re1 Bxd3 9. Qxd3 Qa6 10. Qd1 Nc6 11. a3 cxd4 12. cxd4 Nge7 13. Nc3 Nf5 14. b4 Bxb4 15. Bb2 Bxc3 16. Bxc3 O-O 17. g3 Rac8 18.
g4 Nfe7 19. Qd2 Rc7 20. Ng5 Rfc8 21. Bb2 Na5 22. Bc1 Nb3 23. Qf4 Ng6 24. Qg3 Nxa1 25. Be3 Nc2 26. Rf1 Nxe3 27. fxe3 Rc1 28. Re1 Rxe1+ 29.
Qxe1 Qxa3 30. Qf2 Qc1+ 31. Qf1 Qxe3+ 32. Kg2 Rc2+ 33. Kh1 Rc1 34. Qxc1 Qxc1+ 35. Kg2 Qxg5 36. Kf3 Qf4+ 37. Ke2 Qxd4 38. Kf3 Qxe5 39. Kg2 Qe4+ 40. Kh3 Nf4+ 41. Kh4 g5+ 42. Kxg5 Qg2 43. h4 Ng6 44. h5 Qxg4+ 45. Kxg4 Nf8 46. Kg5 a5 47. Kf6 a4 48.
h6 a3 49. Ke7 a2 50. Ke8 a1=Q 51. Ke7 Qh1 52. Ke8 Qxh6 53. Ke7 e5 54. Ke8 Qe6+ 55.
Kd8 Qd7# 0-1

[Event "*** Titled Tuesday Blitz"]
[Site "Chess.com"]
[Date "2021.02.09"]
[Round "11"]
[White "ega2006"]
[Black "ErikBlomqvist"]
[Result "1/2-1/2"]
[WhiteElo "2418"]
[BlackElo "2505"]
[TimeControl "180+1"]
[EndTime "12:06:35 PST"]
[Termination "Game drawn by agreement"]

1. e4 c5 2. Nf3 e6 3. Nc3 Nc6 4. Bb5 Nd4 5. O-O Ne7 6. Nxd4 cxd4 7. Ne2 a6 8. Bd3 Nc6 9. c3 Bc5 10. b4 Ba7 11. a4 O-O 12. b5 Ne5 13. Qc2 dxc3 14.
Nxc3 Nxd3 15. Qxd3 Bc5 16. Ba3 Bxa3 17. Rxa3 Qe7 18. Rb3 b6 19. Qe3 axb5 20. axb5 Qd6 21.
d4 Bb7 22. f3 Rfc8 23. Ne2 Ra2 24. Rc3 Rxc3 25. Nxc3 Ra3 26. Rc1 h6 27. Qd2 Qb4 28.
Nb1 Qxd2 29. Nxd2 Rd3 30. Rc7 Rxd2 31. Rxb7 Rxd4 32. Rxb6 Rd2 33. Rb8+ Kh7 34. b6 Rb2 35. Rd8 1/2-1/2

[Event "*** Titled Tuesday Blitz"]
[Site "Chess.com"]
[Date "2021.02.09"]
[Round "11"]
[White "esteban062000"]
[Black "night_player"]
[Result "1-0"]
[WhiteElo "2151"]
[BlackElo "2154"]
[TimeControl "180+1"]
[EndTime "12:06:37 PST"]
[Termination "esteban062000 won by resignation"]

1. Nf3 c5 2. c4 Nc6 3. b3 e6 4. Bb2 Nf6 5. g3 d5 6. Bg2 d4 7. d3 Be7 8. O-O O-O 9. e3 e5 10. exd4 exd4 11. Nbd2 Bg4 12. Re1 Bd6 13. Qc2 Re8 14.
h3 Bh5 15. Ng5 Qd7 16. Nge4 Nxe4 17. Nxe4 b6 18. Qd2 Rad8 19. Qg5 Bg6 20. Re2 f5 21.
Nf6+ gxf6 22. Bd5+ Kg7 23. Rxe8 Rxe8 24. Qh4 Re2 25. Bc1 h5 26. Bf3 Re1+ 27. Kg2 Ne5 28. Bxh5 Qc6+ 29. f3 Bxh5 30. Qxh5 Re2+ 31. Kf1 Re3 32.
Bxe3 dxe3 33. Qxf5 Qxf3+ 34. Qxf3 Nxf3 35. Ke2 Ng5 36. h4 Nh3 37. Kxe3 Bxg3 38. Rh1 Nf4 39. Rg1 Nh5 40. Kf3 Kh6 41. Rxg3 Nxg3 42. Kxg3 Kh5 43.
Kf4 Kxh4 44. Kf5 Kg3 45. Kxf6 Kf3 46. Ke5 Ke3 47. Kd5 Kxd3 48. Kc6 Kc3 49. Kb7 Kb2 50. Kxa7 Kxa2 51. Kxb6 Kxb3 52. Kxc5 1-0

[Event "*** Titled Tuesday Blitz"]
[Site "Chess.com"]
[Date "2021.02.09"]
[Round "11"]
[White "FGHSMN"]
[Black "Srisshhhtea"]
[Result "1-0"]
[WhiteElo "2624"]
[BlackElo "2503"]
[TimeControl "180+1"]
[EndTime "12:06:41 PST"]
[Termination "FGHSMN won by checkmate"]

1. e4 e6 2. d4 d5 3. Nc3 Bb4 4. e5 Ne7 5. a3 Bxc3+ 6. bxc3 c5 7. Qg4 Qc7 8. Qxg7 Rg8 9. Qxh7 cxd4 10. Ne2 Nbc6 11. f4 Bd7 12. h4 dxc3 13. h5 O-O-O 14. Qd3 d4 15. h6 Rg6 16. h7 Rh8 17. g3 f6 18. exf6 Rxf6 19. Bg2 Be8 20. Nxd4 Bg6 21. Qxc3 e5 22. Nb5 Qb6 23. Rb1 Kb8 24. Be3 Qd8 25.
Nxa7 Rxh7 26. Rxh7 Bxh7 27. Nxc6+ Nxc6 28. Bxc6 Rf7 29. Qxe5+ Ka8 30. Qb5 bxc6 31. Qxc6+ Rb7 32. Qxb7# 1-0

[Event "*** Titled Tuesday Blitz"]
[Site "Chess.com"]
[Date "2021.02.09"]
[Round "11"]
[White "CoachHakia"]
[Black "szachuspl"]
[Result "1/2-1/2"]
[WhiteElo "2165"]
[BlackElo "2470"]
[TimeControl "180+1"]
[EndTime "12:06:41 PST"]
[Termination "Game drawn by repetition"]

1. d4 d5 2. Nf3 Nf6 3. e3 Bg4 4. Be2 e6 5. Nbd2 c5 6. c3 Nc6 7. O-O Bd6 8. Re1 O-O 9. h3 Bh5 10. Nh2 Bg6 11. f4 cxd4 12. cxd4 Qb6 13. a3 Ne4 14. Nxe4 Bxe4 15. Bd3 f6 16. Bxe4 dxe4 17. Bd2 Rfd8 18. Qc2 f5 19. Bc3 Rac8 20. Qe2 Ne7 21.
g4 Nd5 22. gxf5 exf5 23. Rac1 Nxc3 24. Rxc3 Rxc3 25. bxc3 Bxa3 26. Qc4+ Kh8 27. Qf7 Rf8 28. Qd7 Bb2 29. c4 Qc6 30. Qe7 Qf6 31. Qxf6 Rxf6 32. Rb1 Rb6 33. c5 Rb4 34. d5 a5 35. d6 Bf6 36. Rc1 a4 37. c6 bxc6 38. Rxc6 h6 39. Ra6 Kg8 40. d7 Kf7 41. Rxf6+ Ke7 42. Rxf5 Kxd7 43.
Ra5 Kc6 44. Ng4 Kb6 45. Ra8 Kb7 46. Ra5 Kb6 47. Ra8 Kb7 48. Ra5 Kb6 1/2-1/2

[Event "*** Titled Tuesday Blitz"]
[Site "Chess.com"]
[Date "2021.02.09"]
[Round "11"]
[White "Kretov_Evgenij"]
[Black "wannabe2700"]
[Result "1-0"]
[WhiteElo "2552"]
[BlackElo "2750"]
[TimeControl "180+1"]
[EndTime "12:06:42 PST"]
[Termination "Kretov_Evgenij won by checkmate"]

1. d4 f5 2. Nc3 Nf6 3. Bg5 d5 4.
Bxf6 exf6 5. e3 Be6 6. Bd3 Nc6 7. Nce2 Qd7 8. c3 g6 9. h4 h5 10. Nf4 Bf7 11. Nge2 Bd6 12. b4 a5 13. b5 Ne7 14.
Qc2 c5 15. bxc6 bxc6 16. Rb1 O-O 17. g4 hxg4 18. h5 g5 19. Ng6 Bxg6 20. hxg6 Kg7 21. Rh7+ Kg8 22. Kd2 Qe6 23. Rb7 Rfb8 24. Rbxe7 Bxe7 25. Bxf5 Qd6 26. g7 Ra7 27. Bxg4 f5 28. Qxf5 Qf6 29. Rh8+ Kf7 30. Bh5+ Kxg7 31. Qh7# 1-0

[Event "*** Titled Tuesday Blitz"]
[Site "Chess.com"]
[Date "2021.02.09"]
[Round "11"]
[White "Jospem"]
[Black "Happy1712Drummer"]
[Result "1-0"]
[WhiteElo "3006"]
[BlackElo "2429"]
[TimeControl "180+1"]
[EndTime "12:06:43 PST"]
[Termination "Jospem won by resignation"]

1. e4 c6 2. Nf3 d5 3. d3 Bg4 4. Nbd2 g6 5. h3 Bxf3 6. Qxf3 Bg7 7. g3 e6 8. Bg2 a5 9. O-O a4 10. a3 Ne7 11. Qe2 O-O 12. f4 Nd7 13. e5 Ra6 14. Nf3 c5 15. c3 Nf5 16. Kh2 f6 17. g4 Ne7 18. d4 fxe5 19. fxe5 cxd4 20. cxd4 Nc6 21. Be3 Rb6 22. Rad1 Rb3 23. Rd3 Qb6 24. Rxb3 Qxb3 25. Rc1 Rxf3 26. Bxf3 Nb6 27. Rc3 Qa2 28. Qb5 Nc4 29. Qxb7 N6xe5 30. Bxd5 Nxg4+ 31. hxg4 Nxe3 1-0

[Event "*** Titled Tuesday Blitz"]
[Site "Chess.com"]
[Date "2021.02.09"]
[Round "11"]
[White "ural58"]
[Black "shaheus"]
[Result "1-0"]
[WhiteElo "2497"]
[BlackElo "2397"]
[TimeControl "180+1"]
[EndTime "12:06:43 PST"]
[Termination "ural58 won on time"]

1. e4 c5 2. b3 d6 3. Bb2 Nc6 4. Bb5 Bd7 5. Ne2 Nf6 6. Bxf6 gxf6 7. O-O e6 8. Ng3 a6 9. Bxc6 Bxc6 10. Qh5 Bg7 11. Nc3 b5 12. Rae1 Qe7 13. f4 O-O-O 14. f5 Qf8 15. Qh3 Bd7 16. a4 b4 17.
Nce2 Bh6 18. Nf4 Bxf4 19. Rxf4 h5 20. fxe6 fxe6 21. Qh4 Qh6 22. Qxf6 h4 23. Qxh6 Rxh6 24.
Ne2 e5 25. Rf7 Rg8 26. Ref1 Bh3 27. Rf8+ Rxf8 28. Rxf8+ Kd7 29. gxh3 Ke7 30. Rf2 Ke6 31. Kf1 d5 32. exd5+ Kxd5 33. d3 Rg6 34. Ke1 e4 35.
Nf4+ 1-0

[Event "*** Titled Tuesday Blitz"]
[Site "Chess.com"]
[Date "2021.02.09"]
[Round "11"]
[White "NovikovaGalina"]
[Black "Akhayan"]
[Result "0-1"]
[WhiteElo "2364"]
[BlackElo "2310"]
[TimeControl "180+1"]
[EndTime "12:06:43 PST"]
[Termination "Akhayan won by checkmate"]

1. e4 e6 2. Nf3 d5 3. e5 c5 4. b4 cxb4 5. a3 bxa3 6. Nxa3 Bd7 7. c3 a6 8. d4 Nc6 9. Bd3 Nh6 10. O-O Nf5 11. Nc2 Be7 12. Ne3 Nxe3 13. Bxe3 h6 14. Nd2 O-O 15. f4 f5 16. c4 Nb4 17. Bb1 dxc4 18. Nxc4 Bb5 19. Qb3 Rc8 20. Rc1 Qd5 21. Na5 Rxc1+ 22. Bxc1 Qxd4+ 23. Be3 Qxa1 24. Qxe6+ Rf7 25. Qc8+ Bf8 26. Qc1 Qxa5 27. h3 Qa1 28. e6 Re7 29. Bc5 Rxe6 30. Bxf8 Qd4+ 31. Kh2 Kxf8 32. Qc8+ Re8 33. Qxf5+ Qf6 34. Qc5+ Qe7 35. Qf5+ Qf6 36. Qc5+ Kg8 37. Qxb4 Rf8 38. g3 Bc6 39.
Qb3+ Kh8 40. Qc2 g6 41. h4 Qd6 42. h5 Qd5 43. hxg6 Qh1# 0-1